wizbiz, lawful female human Wizard --- ---- -----.-- - --..----......--.| ---- .................... --..|---.......|.|......... |...--.....|..----.......... |........|.---- ......... --hG@f.--. ......... .....).. ....).... ....... --....... ..... --......- ... |.......| |.%...-- --.<--- |...- -... ..... --... |.... wizbiz the Thaumaturge Experience level: 6 Strength: 15 Dexterity: 9 Constitution: 13 Intelligence: 18 Wisdom: 12 Charisma: 11 Health: 0(45) Energy: 26(52) Def: 6 Gold: 0 Moves: 5246 Dungeon seed: 5tuz3sfbcaq4Y8oy Game ID: wizbiz_1526270815 Your Inventory: Weapons w - a blessed +1 quarterstaff (weapon in hands) G - 8 +0 arrows K - 4 +0 darts L - 2 cursed -1 darts M - a poisoned +0 dart Armor e - an uncursed +2 cloak of magic resistance (being worn) g - an uncursed -2 pair of fumble boots (being worn) i - an uncursed +0 pair of leather gloves (being worn) N - a blessed +0 Hawaiian shirt (being worn) P - an uncursed +0 studded leather armor (being worn) X - a cursed -1 helm of opposite alignment (being worn) Comestibles S - an uncursed gnome corpse Scrolls R - a cursed scroll of enchant weapon Potions f - 2 uncursed potions of full healing Q - an uncursed potion of levitation Rings c - an uncursed ring of slow digestion (on left hand) d - an uncursed +1 ring of gain strength (on right hand) Wands p - a wand of create monster (0:12) Tools a - an uncursed bag of holding n - an uncursed blindfold t - an uncursed skeleton key u - a bag of tricks (0:5) v - an uncursed stethoscope z - an uncursed leash A - an uncursed sack B - an uncursed tin opener F - an uncursed tallow candle (0:200) H - an uncursed brass lantern (lit) (0:162) I - 8 uncursed wax candles (0:400) Gems q - an uncursed worthless piece of green glass Contents of the bag of holding: 402 gold pieces a blessed +0 elven dagger a +0 sling an uncursed +0 cloak of protection an uncursed clove of garlic an uncursed cram ration an uncursed food ration an uncursed fortune cookie an uncursed scroll of confuse monster 2 uncursed scrolls of light an uncursed scroll of scare monster a blessed scroll of taming an uncursed scroll of taming an uncursed spellbook of create monster an uncursed spellbook of create monster a blessed spellbook of force bolt an uncursed spellbook of light an uncursed potion of gain level an uncursed potion of object detection an uncursed potion of restore ability a blessed potion of sickness 2 uncursed potions of sickness a wand of light (0:13) an uncursed jade stone an uncursed topaz stone an uncursed worthless piece of violet glass Spells and supernatural/magical abilities: Name Level Category Fail Memory a - force bolt 1 attack 0% 74% l - light 1 divination 0% 74% O - create monster 2 clerical 59% 87% W - pray for help -- divine ? -- Your skills at the end: Fighting Skills Weapon Skills quarterstaff [Basic] Spellcasting Skills attack spells [Skilled] enchantment spells [Basic] Final Attributes: You were piously aligned. You were magic-protected. You fumbled. You had slower digestion. You are dead. Vanquished creatures: a small mimic a gnome king a dingo a dwarf lord a human zombie 2 soldier ants a water nymph a rock piercer a pony 2 yellow lights 3 shriekers a violet fungus 4 gnome lords a kobold mummy 3 giant ants 2 little dogs a floating eye a kitten 2 dwarves 2 homunculi 2 kobold shamans 3 hill orcs a rothe a centipede 2 giant bats 11 orc zombies 2 dwarf zombies 2 iguanas 3 acid blobs 3 coyotes a gas spore 2 hobbits 2 hobgoblins 3 giant rats 4 cave spiders a green mold a red mold 11 gnomes a garter snake 4 geckos 2 jackals 5 foxes a kobold 2 goblins 3 sewer rats 13 grid bugs 7 lichens 2 kobold zombies 9 newts 136 creatures vanquished. Voluntary challenges: You were an atheist. You used a wielded weapon 105 times, starting on turn 74. You read items or engraved 7 times, starting on turn 1621. You never genocided any monsters. You never polymorphed an object. You never changed form. You used no wishes. You never split a pudding. You never wrote Elbereth's name. You violated your moral code, losing 46 points of alignment, starting on turn 1916. Dungeon overview: The Dungeons of Doom: levels 1 to 8 Level 1 a long staircase Level 2 a hardware shop Level 3 a fountain Level 4 stairs to The Gnomish Mines Level 5 an armor shop Level 6 Level 7 many fountains Level 8 some fountains, a sink The Gnomish Mines: levels 5 to 6 Level 5 stairs to The Dungeons of Doom Level 6 <- You were here History has recorded: On T:1 you entered the Dungeons of Doom to retrieve the Amulet of Yendor! On T:217 you reached level 2 of The Dungeons of Doom. On T:550 you reached level 3 of The Dungeons of Doom. On T:575 you advanced to experience level 2. On T:866 you advanced to experience level 3. On T:1507 you reached level 4 of The Dungeons of Doom. On T:1916 you advanced to experience level 4. On T:2175 you reached level 5 of The Dungeons of Doom. On T:2483 you reached level 6 of The Dungeons of Doom. On T:2541 you reached level 7 of The Dungeons of Doom. On T:3194 you advanced to experience level 5. On T:3521 you reached level 8 of The Dungeons of Doom. On T:4087 you advanced to experience level 6. On T:4331 you reached level 1 of The Gnomish Mines. On T:5037 you reached level 2 of The Gnomish Mines. Score breakdown: Gold: 402 ( 8862 points) Experience: 6 levels (12456 points) Exploration: 8 levels ( 17.39%) (11832 points) Discoveries: 17 items ( 5.92%) ( 7301 points) Valuables value: (no points given unless you survive) Artifact value: 0 ( 0 points) Variety of kills: 49 monsters ( 12.86%) (10758 points) Turncount: 5246 turns (-1425 points) Survival: died (score multiplied by 80%) Total score: 39827 Latest messages: You stop exploring. You make a lot of noise! You stop exploring. You flounder. You stop exploring. You make a lot of noise! You hear some noises in the distance. You displace your large cat. You trip over your own feet. You stop exploring. You make a lot of noise! It is hit. It is missed. You stop exploring. You hear a chugging sound. The spell hits the gnome king! The gnome king swings his bow. The gnome king hits! The gnome king swings his bow. The gnome king hits! You don't have enough stamina to move. The gnome king swings his bow. The gnome king hits! You die... Final status: Goodbye wizbiz the Wizard, killed by a gnome king... You died in The Gnomish Mines on dungeon level 6 with 39827 points, and 402 pieces of gold, after 5246 moves. You were level 6 with a maximum of 45 hit points when you died.